Map: King's Cove LE

Players

Chow

  • Race: Terran Terran
  • League: Platinum
  • Spawn Location: 11:00

Parkkatz - Winner!

  • Race: Zerg Zerg
  • League: Platinum
  • Spawn Location: 5:00

VOD

Have the link to the VOD?

Description

Time

  • Played on: June 29, 2019, 7:11 p.m.
  • Length: 22:25
Show
View Real Time Build Order
Export as new Build Order

Chow Terran 

Build Orders: 2 Factory 

Get SALT Encoding   

  12  0:01  SCV  
  13  0:13  SCV  
  14  0:19  Supply Depot  
  14  0:26  SCV  
  15  0:29  Refinery  
  15  0:41  SCV  
  16  0:48  Barracks  
  16  0:57  SCV  
  17  1:09  SCV  
  18  1:22  SCV  
  19  1:34  SCV  
  20  1:41  Command Center  
  20  1:47  SCV  
  21  1:58  Factory  
  21  2:00  SCV  
  22  2:15  Orbital Command  
  22  2:21  Supply Depot, Barracks Reactor  
  22  2:32  Factory  
  22  2:40  Refinery  
  22  2:45  Widow Mine  
  24  2:51  SCV  
  24  2:54  SCV  
  26  3:18  Hellion x2  
  30  3:21  Factory Tech Lab  
  30  3:22  Barracks Tech Lab  
  30  3:25  SCV  
  31  3:27  Starport  
  31  3:40  Hellion x2  
  35  3:50  Orbital Command  
  35  3:51  Siege Tank  
  38  4:01  Hellion x2  
  42  4:06  Viking  
  44  4:22  SCV x2  
  46  4:25  Stimpack  
  46  4:33  Marine  
  47  4:42  Supply Depot  
  47  4:44  SCV x2  
  49  4:46  Supply Depot  
  49  5:11  Command Center, Siege Tank  
  49  5:12  Marauder  
  54  5:17  Barracks  
  54  5:21  Engineering Bay  
  54  5:48  Siege Tank  
  59  5:50  Starport Reactor, Marauder  
  59  5:53  Widow Mine x2  
  59  5:56  Terran Infantry Weapons Level 1  
  63  6:05  SCV  
  63  6:06  SCV  
  65  6:18  SCV x2  
  67  6:20  Refinery  
  67  6:21  Refinery  
  67  6:28  Siege Tank  
  67  6:30  SCV x2  
  72  6:38  Liberator  
  72  6:51  Marauder, Barracks Reactor  
  65  7:22  SCV x2  
  67  7:23  Siege Tank  
  67  7:24  Marauder  
  67  7:25  Combat Shield  
  67  7:27  Marine  
  67  7:28  Marine  
  74  7:34  SCV x2  
  76  7:37  Orbital Command  
  76  7:43  Supply Depot  
  76  7:45  Supply Depot  
  76  7:49  Marine x2, Marauder  
  80  7:52  Medivac x2  
  84  8:12  Marine x2, Siege Tank, Marauder  
  91  8:14  SCV x2  
  91  8:15  Liberator x2  
  93  8:20  Supply Depot  
  93  8:30  Marine x2  
  101  8:42  Marauder  
  101  8:47  SCV x3  
  106  8:53  Supply Depot  
  106  8:54  Supply Depot  
  106  9:04  SCV x3  
  87  9:52  Marauder  
  86  9:53  Marine x2  
  86  9:58  Siege Tank  
  86  9:59  Medivac  
  85  10:00  Medivac  
  88  10:01  SCV x3  
  88  10:08  Starport  
  88  10:10  Marine, Starport, Fusion Core  
  88  10:11  Marine  
  88  10:13  SCV x3  
  88  10:14  Marauder  
  94  10:16  Barracks  
  90  10:22  Barracks  
  90  10:28  Marine x2  
  90  10:35  Terran Infantry Armor Level 1  
  92  10:38  Engineering Bay  
  92  10:39  Armory  
  92  10:43  Refinery  
  92  10:44  Refinery  
  92  10:46  Command Center, SCV x3  
  92  10:47  Marine  
  92  10:48  Marine  
  92  10:49  Marauder  
  79  11:11  Liberator x2  
  77  11:18  Barracks Tech Lab, Barracks Reactor  
  77  11:19  Marine x2  
  77  11:21  Concussive Shells, Marauder  
  77  11:23  Hellion x2  
  85  11:25  Starport Tech Lab  
  85  11:26  Starport Tech Lab, Siege Tank  
  94  11:37  Marine x2  
  96  11:45  Hellion x2  
  99  11:56  Marine x2, Marauder  
  99  11:57  Marine x2  
  99  11:58  Marauder  
  99  12:00  Factory  
  107  12:05  Siege Tank  
  107  12:06  Battlecruiser  
  116  12:09  Battlecruiser  
  116  12:14  Marine x2  
  124  12:17  Marauder, SCV  
  124  12:18  SCV x2  
  129  12:27  Terran Vehicle Weapons Level 1, Terran Infantry Weapons Level 2  
  129  12:29  Marine x2  
  131  12:31  Marauder  
  131  12:32  Marine x2  
  135  12:39  SCV x3  
  135  12:42  Weapon Refit  
  138  12:54  Medivac x2  
  138  12:56  SCV x2  
  138  12:57  SCV  
  147  12:58  Marauder  
  147  12:59  Marine x4, Marauder  
  147  13:00  Factory Tech Lab  
  153  13:07  Planetary Fortress, Factory Tech Lab  
  153  13:10  SCV x3  
  156  13:14  Supply Depot  
  156  13:15  Supply Depot  
  156  13:16  Supply Depot  
  156  13:36  SCV x3  
  159  13:48  SCV  
  160  13:50  Siege Tank x2  
  126  14:22  Marauder  
  126  14:23  Marine, Marauder  
  126  14:24  Marine  
  124  14:26  Battlecruiser x2  
  124  14:28  Siege Tank  
  124  14:29  Hellion x2  
  124  14:30  Marine x2  
  145  14:31  Siege Tank  
  148  14:44  Marauder x2  
  141  14:48  Marine  
  141  14:50  Liberator, Hellion  
  141  14:51  Liberator  
  138  14:56  Hellion  
  123  15:05  Marine x4  
  123  15:06  Marine, Marauder  
  123  15:20  Refinery  
  123  15:21  Refinery  
  117  15:32  Orbital Command  
  117  15:39  Marine  
  118  15:46  Refinery  
  116  15:50  SCV x2  
  118  15:57  Marauder  
  118  16:02  Marine, SCV  
  118  16:03  Marine x2  
  118  16:04  Marine  
  127  16:11  Supply Depot, Marauder  
  127  16:13  Refinery  
  127  16:14  Liberator, Refinery  
  127  16:15  Liberator  
  127  16:20  Marine x2, Marauder  
  127  16:21  Marine x2  
  127  16:22  Siege Tank  
  127  16:23  Siege Tank  
  134  16:41  Marine x3  
  134  16:42  Marine  
  101  16:54  Marauder x2  
  101  16:57  Siege Tank  
  101  16:58  Siege Tank  
  101  16:59  Marine x3  
  101  17:00  Marine  
  111  17:10  Factory Reactor  
  111  17:15  Medivac x2  
  109  17:32  Supply Depot  
  105  17:39  SCV x2  
  105  17:43  Marine x2  
  105  17:44  Marine, Marauder  
  105  17:45  Marine, Marauder  
  105  17:47  Medivac x2  
  115  17:51  SCV x2  
  115  17:55  Command Center  
  117  18:03  SCV x2  
  113  18:29  SCV  
  113  18:31  Marine x4, Marauder x2  
  94  18:51  Siege Tank x2  
  58  19:28  Marine x3, Marauder  
Show
View Real Time Build Order
Export as new Build Order

Parkkatz Zerg - Winner!

Build Orders: Hatch First 

Get SALT Encoding   

  12  0:01  Drone  
  13  0:14  Overlord  
  13  0:23  Drone  
  14  0:32  Drone  
  14  0:33  Drone  
  16  0:37  Drone  
  17  0:49  Drone  
  18  0:59  Hatchery  
  17  1:11  Spawning Pool  
  17  1:14  Drone  
  17  1:22  Drone  
  18  1:27  Extractor  
  18  1:28  Drone  
  18  1:30  Drone  
  19  1:52  Overlord  
  19  1:58  Queen  
  19  2:00  Zergling x2  
  22  2:10  Zergling x2  
  22  2:13  Queen  
  22  2:14  Drone x2  
  27  2:34  Drone x4  
  31  2:38  Metabolic Boost  
  31  2:44  Overlord  
  31  3:00  Queen  
  31  3:01  Drone  
  34  3:07  Hatchery  
  33  3:13  Drone  
  33  3:14  Drone x5  
  39  3:26  Baneling Nest  
  38  3:29  Drone x2  
  38  3:31  Overlord  
  38  3:32  Drone, Extractor x2  
  39  3:40  Queen  
  41  3:43  Overlord  
  39  3:55  Spine Crawler  
  39  4:01  Roach Warren  
  37  4:04  Drone, Evolution Chamber  
  37  4:05  Drone x3  
  40  4:30  Queen  
  40  4:31  Overlord  
  42  4:32  Overlord  
  42  4:36  Drone  
  42  4:37  Drone x2  
  45  4:39  Drone x2  
  45  4:41  Drone  
  45  4:42  Drone x2  
  45  4:43  Drone  
  51  4:46  Roach, Zerg Missile Weapons Level 1  
  51  4:47  Roach  
  55  4:57  Roach x4  
  63  5:16  Roach  
  63  5:17  Roach x4  
  73  5:32  Queen  
  77  5:43  Roach x3  
  81  5:54  Drone  
  81  5:56  Overlord x3  
  82  6:15  Drone x8  
  92  6:33  Roach x4  
  98  6:45  Lair  
  90  6:56  Zerg Ground Armor Level 1  
  89  7:03  Drone x3  
  89  7:04  Drone x7  
  89  7:06  Extractor  
  97  7:08  Extractor  
  96  7:17  Extractor  
  96  7:18  Queen  
  97  7:37  Hatchery, Roach  
  96  7:38  Overlord x4  
  96  7:40  Hatchery  
  96  7:42  Overseer  
  97  7:45  Drone  
  97  7:46  Hydralisk Den  
  97  7:49  Centrifical Hooks  
  97  7:51  Glial Reconstitution  
  97  8:00  Roach  
  97  8:01  Roach x10  
  119  8:07  Queen  
  121  8:26  Zergling x2  
  122  8:34  Muscular Augments  
  122  8:36  Infestation Pit  
  121  8:52  Zerg Missile Weapons Level 2  
  121  8:57  Drone x7  
  121  8:58  Drone x6  
  134  9:14  Queen  
  127  9:21  Roach  
  127  9:22  Roach x17  
  127  9:23  Drone  
  120  9:30  Roach  
  122  9:34  Hive  
  122  9:39  Roach x2  
  122  9:45  Grooved Spines  
  122  9:50  Zergling x2  
  122  9:51  Zergling x20  
  121  9:59  Roach x4  
  96  10:05  Zergling x2  
  96  10:06  Zergling x10  
  85  10:17  Zergling x16  
  85  10:18  Zergling x4  
  90  10:26  Zergling x6  
  93  10:36  Drone x2  
  93  10:37  Drone x3  
  90  10:57  Viper  
  90  10:58  Roach  
  90  11:00  Roach  
  90  11:01  Roach x14  
  111  11:08  Zerg Ground Armor Level 2  
  111  11:10  Evolution Chamber  
  111  11:11  Drone x4  
  112  11:12  Drone x2, Overlord x2  
  112  11:13  Overlord  
  112  11:15  Queen  
  117  11:30  Zergling x4  
  117  11:31  Zergling x24  
  131  11:44  Ultralisk Cavern  
  131  11:46  Spire  
  125  11:54  Roach  
  125  11:55  Roach x11  
  149  12:03  Baneling  
  149  12:04  Baneling x6  
  149  12:05  Baneling x4  
  149  12:13  Overlord x3  
  149  12:15  Overseer x2  
  149  12:16  Overseer  
  149  12:22  Pneumatized Carapace  
  149  12:26  Zergling x2  
  150  12:30  Queen x4  
  158  12:38  Chitinous Plating  
  158  12:49  Drone  
  158  12:50  Drone x6, Extractor  
  158  12:51  Drone  
  165  12:52  Drone x3  
  165  12:53  Drone x3  
  165  12:56  Drone x3, Extractor  
  165  12:57  Drone  
  174  13:00  Overlord x4  
  174  13:04  Zerg Melee Weapons Level 1  
  174  13:14  Adrenal Glands  
  174  13:18  Hydralisk x4  
  182  13:20  Hydralisk  
  182  13:24  Zerg Missile Weapons Level 3  
  165  14:12  Zergling x2  
  165  14:13  Zergling x36  
  165  14:14  Zergling x32  
  183  14:21  Hydralisk x4  
  175  14:29  Hydralisk x3  
  156  15:08  Hydralisk  
  156  15:09  Hydralisk x20  
  156  15:10  Hydralisk  
  163  15:25  Hydralisk  
  163  15:26  Hydralisk x6  
  170  15:32  Drone  
  170  15:33  Drone x2  
  170  15:34  Overlord x2  
  173  15:46  Zergling x2  
  173  15:47  Zergling x18  
  181  15:53  Queen  
  181  15:55  Drone x3  
  181  15:56  Drone x3  
  170  16:51  Zergling x2  
  170  16:52  Zergling x44  
  130  17:10  Hydralisk  
  130  17:11  Hydralisk x5  
  142  17:20  Spine Crawler  
  121  17:37  Hydralisk  
  121  17:38  Hydralisk x20  
  121  17:43  Zergling x8  
  121  17:44  Zergling x2  
  165  17:49  Zerg Melee Weapons Level 2  
  165  17:56  Hydralisk, Extractor  
  165  17:57  Hydralisk x5  
  165  17:58  Extractor  
  175  18:14  Zergling x4  
  175  18:15  Zergling x22  
  171  18:33  Zergling x14  
  171  18:34  Zergling x10  
  163  18:42  Hydralisk x4  
  163  18:43  Hydralisk x2  
  158  19:06  Hydralisk  
  149  19:16  Zergling x2  
  131  19:17  Zergling x26  
  131  19:22  Hydralisk  
  127  19:35  Spore Crawler  
  127  19:37  Spore Crawler  
  127  19:38  Spore Crawler x2  
  118  19:39  Zergling x2  
  118  19:40  Hydralisk x7  
  122  19:45  Spore Crawler  
  122  19:47  Spore Crawler x2  
  122  19:48  Spore Crawler  
  116  19:53  Zergling x8  
  116  19:55  Spore Crawler  
  108  20:00  Spire  
  108  20:03  Spore Crawler  
  108  20:05  Spore Crawler  
  93  20:07  Spore Crawler  
  74  20:22  Hydralisk  
  74  20:23  Hydralisk x4  
  80  20:55  Zergling x2  
  81  21:02  Hatchery  
  80  21:39  Corruptor  
Tags
 
Add a new tag
Caveats
  • Supply blocks, unpowered buildings, or Contaminate may cause inaccurate times.
  • Supply counts are checked every 10 seconds.